 Dungeon Crawl Stone Soup version 0.29.1-12-g30fa7ad0bf (webtiles) character file.

Game seed: 12584141198297605956

108 javelincjr the Prestidigitator (level 4, -1/32 HPs)
             Began as a Gnoll Wanderer on Jan 18, 2023.
             Was a Believer of the Shining One.
             Slain by a kobold
             ... wielding a +0 short sword
              (2 damage)
             ... on level 4 of the Dungeon.
             The game lasted 00:11:41 (2494 turns).

javelincjr the Prestidigitator (Gnoll Wanderer)     Turns: 2494, Time: 00:11:42

Health: -1/32      AC: 17    Str: 10    XL:     4   Next: 87%
Magic:  0/8        EV:  4    Int: 10    God:    the Shining One [**....]
Gold:   149        SH:  0    Dex: 16    Spells: 9/9 levels left

rFire   . . .      SeeInvis .   x - +1 short sword (protect)
rCold   . . .      Faith    .   (no shield)
rNeg    + . .      Spirit   +   n - +0 chain mail
rPois   .          Reflect  .   q - +0 helmet
rElec   .          Harm     .   (no cloak)
rCorr   .          Rampage  .   g - +0 pair of gloves
Will    .....                   (no boots)
Stlth   ..........              j - amulet of guardian spirit
HPRegen 0.10/turn               i - ring of fire
MPRegen 0.11/turn               m - ring of ice

@: under a protective aura, glowing
A: fangs 1, strong nose, distributed training
a: Renounce Religion, Divine Shield


You were on level 4 of the Dungeon.
You worshipped the Shining One.
The Shining One was pleased with you.
You visited 1 branch of the dungeon, and saw 4 of its levels.

You collected 244 gold pieces.
You spent 95 gold pieces at shops.

Inventory:

Hand Weapons
 a - a +0 quarterstaff
 f - a +0 shortbow
 o - a +0 long sword
 x - a +1 short sword of protection (weapon)
Armour
 g - a +0 pair of gloves (worn)
 n - a +0 chain mail (worn)
 q - a +0 helmet (worn)
Magical Staves
 v - a staff of fire
Jewellery
 i - a ring of fire (left hand)
 j - an amulet of guardian spirit (around neck)
 m - a ring of ice (right hand)
Wands
 d - a wand of polymorph (5) (quivered)
Scrolls
 h - a scroll of poison
 k - a scroll of vulnerability
 y - a scroll of enchant weapon
Potions
 b - a potion of brilliance
 c - 2 potions of berserk rage
 e - a potion of lignification
 l - a potion of magic
 p - 2 potions of curing
 u - a potion of heal wounds
 w - a potion of flight


   Skills:
 + Level 1.3 Fighting
 + Level 1.3 Short Blades
 + Level 1.3 Long Blades
 + Level 1.3 Axes
 + Level 1.3 Maces & Flails
 + Level 1.3 Polearms
 + Level 4.7 Staves
 + Level 1.3 Ranged Weapons
 + Level 1.3 Throwing
 + Level 1.3 Armour
 + Level 1.3 Dodging
 + Level 1.3 Stealth
 + Level 1.3 Shields
 + Level 6.6 Unarmed Combat
 + Level 3.1 Spellcasting
 + Level 1.0 Conjurations
 + Level 1.0 Hexes
 + Level 1.0 Summonings
 + Level 1.0 Necromancy
 + Level 1.0 Translocations
 + Level 1.0 Transmutations
 + Level 1.0 Fire Magic
 + Level 1.0 Ice Magic
 + Level 1.0 Air Magic
 + Level 1.0 Earth Magic
 + Level 1.0 Poison Magic
 + Level 1.4 Invocations
 + Level 8.6 Evocations


You had 9 spell levels left.
You didn't know any spells.
Your spell library was empty.

Dungeon Overview and Level Annotations

Branches:
Dungeon (4/15)
 Temple: D:4-7

Altars:
Elyvilon
Uskayaw
Vehumet
The Shining One

Shops:
D:3 ?


Innate Abilities, Weirdness & Mutations

You have very sharp teeth.
Your uncanny sense of smell can sniff out nearby items.
Your experience applies equally to all skills.


Message History

The kobold hits you but does no damage. The hog bites you.
* * * LOW HITPOINT WARNING * * *
Okay, then.
You hit the hog. You punch the hog. You bite the hog, but do no damage.
The hog is moderately wounded.
The hog barely misses you. The kobold barely misses you.
You hit the hog.
The hog is moderately wounded.
The hog barely misses you. The kobold hits you but does no damage.
You hit the hog.
The hog is moderately wounded.
The hog bites you but does no damage. The kobold barely misses you.
You hit the hog.
The hog is heavily wounded.
The hog bites you but does no damage. x2
The kobold hits you but does no damage.
You barely miss the hog.
The hog is heavily wounded.
The hog bites you but does no damage. The kobold hits you but does no damage.
You hit the hog but do no damage.
The hog is heavily wounded.
The hog bites you but does no damage.
The kobold hits you with a +0 short sword.
* * * LOW HITPOINT WARNING * * *
You hit the hog but do no damage.
The hog is heavily wounded.
The hog bites you but does no damage. The kobold hits you but does no damage.
The hog bites you but does no damage.
You barely miss the hog.
The hog is heavily wounded.
The hog bites you but does no damage. The kobold hits you but does no damage.
You hit the hog.
The hog is severely wounded.
The hog bites you but does no damage. The kobold hits you but does no damage.
You hit the hog.
The hog is severely wounded.
The hog bites you!
* * * LOW HITPOINT WARNING * * *
The kobold hits you with a +0 short sword.
You die...

##........#
#.....§...#
#.....#.###
#......#§##
#......##.##
>...... #°§#
.......
##.♣##
.......
##○§##
.......
#@KK# #h♣○#
#KK♣.#
♣KK♣P§#
♣°♣§P.#
○♣○♣☼PP# ♣♣
§♣P.P# §P
☼P# K....#


You could see a hog and 6 kobolds.

Vanquished Creatures
  4 adders
  An ufetubus (D:3)
  A worm (D:2)
  3 dart slugs (D:3)
  4 endoplasms
  4 giant cockroaches
  8 goblins
  5 hobgoblins
  2 jackals (D:3)
  12 kobolds
  3 quokkas
  2 ball pythons
  A bat (D:1)
  A frilled lizard (D:3)
  4 rats
55 creatures vanquished.

Vanquished Creatures (others)
  27 plants (D:4)
27 creatures vanquished.

Grand Total: 82 creatures vanquished

Notes
Turn   | Place    | Note
-------+----------+-------------------------------------------
     0 | D:1      | javelincjr the Gnoll Wanderer began the quest for the Orb.
     0 | D:1      | javelincjr set off with the following items: a +0
                  | quarterstaff, a potion of brilliance, a potion of berserk
                  | rage, a wand of polymorph (6), a potion of lignification, a
                  | +0 robe.
     0 | D:1      | Reached XP level 1. HP: 13/13 MP: 4/4
   386 | D:1      | Reached XP level 2. HP: 19/19 MP: 3/5
   392 | D:1      | Found a faded altar of an unknown god.
   429 | D:1      | Prayed at the altar of an unknown god.
   429 | D:1      | Became a worshipper of the Shining One
   429 | D:1      | Reached * piety under the Shining One
   860 | D:2      | Reached XP level 3. HP: 25/25 MP: 7/7
   913 | D:2      | Reached skill level 1 in Invocations
  1017 | D:2      | Reached skill level 1 in Fighting
  1017 | D:2      | Reached skill level 1 in Short Blades
  1017 | D:2      | Reached skill level 1 in Long Blades
  1017 | D:2      | Reached skill level 1 in Axes
  1017 | D:2      | Reached skill level 1 in Maces & Flails
  1017 | D:2      | Reached skill level 1 in Polearms
  1017 | D:2      | Reached skill level 1 in Ranged Weapons
  1017 | D:2      | Reached skill level 1 in Throwing
  1017 | D:2      | Reached skill level 1 in Armour
  1017 | D:2      | Reached skill level 1 in Dodging
  1017 | D:2      | Reached skill level 1 in Stealth
  1017 | D:2      | Reached skill level 1 in Shields
  1545 | D:3      | Reached XP level 4. HP: 31/32 MP: 8/8
  1792 | D:3      | Found a radiant altar of Vehumet.
  1792 | D:3      | Found a hide-covered altar of Uskayaw.
  1887 | D:3      | Reached skill level 1 in Conjurations
  1887 | D:3      | Reached skill level 1 in Hexes
  1887 | D:3      | Reached skill level 1 in Summonings
  1887 | D:3      | Reached skill level 1 in Necromancy
  1887 | D:3      | Reached skill level 1 in Translocations
  1887 | D:3      | Reached skill level 1 in Transmutations
  1887 | D:3      | Reached skill level 1 in Fire Magic
  1887 | D:3      | Reached skill level 1 in Ice Magic
  1887 | D:3      | Reached skill level 1 in Air Magic
  1887 | D:3      | Reached skill level 1 in Earth Magic
  1887 | D:3      | Reached skill level 1 in Poison Magic
  2035 | D:3      | Found Qipn's Magic Scroll Boutique.
  2038 | D:3      | Bought a scroll of enchant weapon for 75 gold pieces
  2038 | D:3      | Bought a scroll of identify for 20 gold pieces
  2128 | D:3      | Found a white marble altar of Elyvilon.
  2458 | D:4      | Reached ** piety under the Shining One
  2469 | D:4      | Noticed a kobold brigand
  2471 | D:4      | The Shining One protects you from harm!
  2472 | D:4      | The Shining One protects you from harm!
  2481 | D:4      | Noticed a hog
  2481 | D:4      | a kobold brigand changed into a hog
  2494 | D:4      | HP: 1/32 [hog (8)]
  2494 | D:4      | Slain by a kobold

Illustrated notes

Levels and vault maps discovered:
D:1:      dpeg_arrival_water_temple_mockup, layout_basic,
          basic_ecumenical_altar, chequers_serial_rivers_small_b
D:2:      layout_basic, minivault_27, nicolae_kite_square_tiling_tiny,
          minivault_24
D:3:      layout_loops_cross, lemuel_round_altar, jmf_multi_god_temple,
          serial_shops, nicolae_shop_behind_doors
D:4:      kennysheep_kobold_camp, layout_cave_pods, mainiacjoe_overflow_24_doors

Skill      XL: |  1  2  3  4 |
---------------+-------------+-----
Invocations    | 1 |  1.4
Fighting       | 1 |  1.3
Short Blades   | 1 |  1.3
Long Blades    | 1 |  1.3
Axes           | 1 |  1.3
Maces & Flails | 1 |  1.3
Polearms       | 1 |  1.3
Ranged Weapons | 1 |  1.3
Throwing       | 1 |  1.3
Armour         | 1 |  1.3
Dodging        | 1 |  1.3
Stealth        | 1 |  1.3
Shields        | 1 |  1.3
Spellcasting   | 3 |  3.1
Conjurations   | 1 |  1.0
Hexes          | 1 |  1.0
Summonings     | 1 |  1.0
Necromancy     | 1 |  1.0
Translocations | 1 |  1.0
Transmutations | 1 |  1.0
Fire Magic     | 1 |  1.0
Ice Magic      | 1 |  1.0
Air Magic      | 1 |  1.0
Earth Magic    | 1 |  1.0
Poison Magic   | 1 |  1.0
Staves         | |  4.7
Unarmed Combat | |  6.6
Evocations     | |  8.6

Action                   |  1- 3 |  4- 6 || total
-------------------------+-------+-------++-------
Melee: Quarterstaff      |    25 |       ||    25
       Bite              |     9 |    12 ||    21
       Long sword        |    22 |       ||    22
       Punch             |     1 |     8 ||     9
       Short sword       |       |    76 ||    76
 Fire: Shortbow          |    42 |    32 ||    74
Evoke: Wand              |       |     1 ||     1
  Use: Scroll            |       |     9 ||     9
       Potion            |       |     2 ||     2
 Stab: Sleeping          |     1 |       ||     1
Armor: Robe              |     8 |       ||     8
       Chain mail        |    54 |    96 ||   150
Dodge: Dodged            |    22 |    18 ||    40
